 Dungeon Crawl Stone Soup version 0.28-a0-957-g42eb19b844 (webtiles) character file.

Game seed: 7176925301662646339

55047 Crownlay the Thaumaturge (level 14, -1/108 HPs)
             Began as a Gnoll Ice Elementalist on Nov 30, 2021.
             Was a High Priest of Uskayaw.
             Slain by a skeletal warrior (15 damage)
             ... led by a skeletal warrior
             ... on level 11 of the Dungeon.
             The game lasted 01:01:38 (27965 turns).

Crownlay the Thaumaturge (Gnoll Ice Elementalist)  Turns: 27965, Time: 01:01:38

Health: -1/108     AC: 20    Str:  7    XL:     14   Next: 75%
Magic:  6/37       EV: 17    Int: 22    God:    Uskayaw [*****.]
Gold:   1676       SH:  5    Dex: 14    Spells: 19/34 levels left

rFire   . . .      SeeInvis +   i - +2 dagger (venom)
rCold   + . .      Faith    .   (no shield)
rNeg    . . .      Spirit   .   E - +1 robe {rC+}
rPois   .          Reflect  +   k - +2 helmet {Int+3}
rElec   .          Harm     .   y - +1 cloak
rCorr   .          Rampage  .   G - +0 pair of gloves
Will    ++...                   (no boots)
Stlth   ++++......              v - amulet of reflection
HPRegen 0.28/turn               I - ring "Lelyupsy" {+Blink Will+ SInv}
MPRegen 0.25/turn               S - ring of magical power

@: ice-armoured, freezing walls
A: fangs 1, strong nose, distributed training
a: Renounce Religion, Evoke Blink, Stomp, Line Pass, Grand Finale


You were on level 11 of the Dungeon.
You worshipped Uskayaw.
Uskayaw was aware of your devotion.
You visited 3 branches of the dungeon, and saw 19 of its levels.
You also visited: Ossuary.

You collected 1676 gold pieces.

Inventory:

Hand Weapons
 i - a +2 dagger of venom (weapon)
Missiles
 m - 2 silver javelins
 z - 9 poisoned darts (quivered)
 J - 2 throwing nets
 L - 2 curare-tipped darts
Armour
 k - a +2 helmet of intelligence (worn)
 y - a +1 cloak (worn)
 E - a +1 robe of cold resistance (worn)
 G - a +0 pair of gloves (worn)
 V - +0 steam dragon scales
Jewellery
 d - an amulet of faith
 v - an amulet of reflection (around neck)
 I - the ring "Lelyupsy" (left hand) {+Blink Will+ SInv}
   (You acquired it on level 10 of the Dungeon)

   [ring of see invisible]

   SInv:      It lets you see invisible.
   +Blink:    It lets you blink.
   Will:      It increases your willpower.
 S - a ring of magical power (right hand)
Wands
 a - a wand of mindburst (15)
 j - a wand of flame (41)
 p - a wand of acid (19)
 K - a wand of iceblast (13)
 N - a wand of polymorph (9)
 O - a wand of charming (19)
Scrolls
 f - 10 scrolls of teleportation
 g - 4 scrolls of blinking
 l - 2 scrolls of enchant armour {unknown}
 n - 7 scrolls of magic mapping
 s - 2 scrolls of brand weapon
 u - 4 scrolls of immolation {unknown}
 w - 3 scrolls of fear {unknown}
 C - 4 scrolls of fog {unknown}
 D - a scroll of torment {unknown}
 M - a scroll of holy word {unknown}
 Q - a scroll of noise {unknown}
 U - 3 scrolls of vulnerability {unknown}
Potions
 b - 7 potions of ambrosia
 c - 6 potions of brilliance
 e - 2 potions of cancellation {unknown}
 h - 4 potions of haste
 o - a potion of resistance {unknown}
 q - 4 potions of curing
 r - 2 potions of magic {unknown}
 t - a potion of flight {unknown}
 x - a potion of mutation {unknown}
 A - 3 potions of heal wounds {unknown}
 B - 2 potions of experience {unknown}
 P - 3 potions of berserk rage {unknown}
 T - a potion of invisibility {unknown}
 X - a potion of lignification {unknown}
 Y - a potion of might
 Z - 2 potions of attraction {unknown}


   Skills:
 + Level 9.5 Fighting
 + Level 9.5 Short Blades
 + Level 9.5 Long Blades
 + Level 9.5 Axes
 + Level 9.5 Maces & Flails
 + Level 9.5 Polearms
 + Level 9.5 Staves
 + Level 9.5 Slings
 + Level 9.5 Bows
 + Level 9.5 Crossbows
 + Level 9.5 Throwing
 + Level 9.5 Armour
 + Level 10.6 Dodging
 + Level 10.4 Stealth
 + Level 9.5 Shields
 + Level 9.5 Unarmed Combat
 + Level 10.7 Spellcasting
 + Level 7.9 Conjurations
 + Level 7.9 Hexes
 + Level 7.9 Summonings
 + Level 7.9 Necromancy
 + Level 7.9 Translocations
 + Level 7.9 Transmutations
 + Level 7.9 Fire Magic
 + Level 10.7 Ice Magic
 + Level 7.9 Air Magic
 + Level 7.9 Earth Magic
 + Level 7.9 Poison Magic
 + Level 10.3 Invocations
 + Level 9.5 Evocations


You had 19 spell levels left.
You knew the following spells:

 Your Spells              Type           Power      Damage    Failure   Level
a - Freeze                Ice            100%       1d11      1%          1
b - Frozen Ramparts       Ice            100%       1d12      1%          3
c - Ozocubu's Armour      Ice            56%        N/A       1%          3
d - Hailstorm             Conj/Ice       52%        3d12      1%          4
e - Flame Wave            Conj/Fire      46%        2d8       2%          4

Your spell library contained the following spells:

 Spells                   Type           Power      Damage    Failure   Level
 Animate Skeleton         Necr           92%        N/A       1%          1
 Apportation              Tloc           92%        N/A       1%          1
 Foxfire                  Conj/Fire      100%       2x1d9     1%          1
 Summon Small Mammal      Summ           100%       N/A       1%          1
 Ensorcelled Hibernation  Hex/Ice        100%       N/A       1%          2
 Conjure Flame            Conj/Fire      46%        6-21      1%          3
 Inner Flame              Hex/Fire       46%        N/A       1%          3
 Portal Projectile        Hex/Tloc       92%        N/A       1%          3
 Stone Arrow              Conj/Erth      92%        3d12      1%          3
 Tukima's Dance           Hex            46%        N/A       1%          3
 Ice Form                 Ice/Tmut       52%        N/A       1%          4
 Animate Armour           Summ/Erth      92%        N/A       2%          4
 Animate Dead             Necr           23%        N/A       2%          4
 Metabolic Englaciation   Hex/Ice        26%        N/A       3%          5
 Agony                    Necr           46%        N/A       6%          5
 Blade Hands              Tmut           23%        N/A       6%          5
 Excruciating Wounds      Necr           23%        N/A       6%          5
 Simulacrum               Ice/Necr       26%        N/A       19%         6
 Eringya's Noxious Bog    Tmut/Pois      23%        N/A       32%         6
 Lehudib's Crystal Spear  Conj/Erth      23%        10d6      100%        8


Dungeon Overview and Level Annotations

Branches:
Dungeon (12/15)            Temple (1/1) D:4            Lair (6/6) D:8
 Shoals (0/4) Lair:4        Snake (0/4) Lair:4        Slime (0/5) Lair:6
    Orc (0/2) D:11        Ossuary (visited)

Altars:
Ashenzari
Cheibriados
Dithmenos
Elyvilon
Fedhas
Gozag
Hepliaklqana
Kikubaaqudgha
Nemelex Xobeh
Okawaru
Qazlal
Ru
Sif Muna
Trog
Uskayaw
Vehumet
Wu Jian
Xom
Yredelemnul
Zin
The Shining One
Jiyva

Shops:
D:12 (

Annotations:
D:9 2 transporters, Anon1729's ghost, novice MiMo
Lair:4 exclusion: 2 oklob plants


Innate Abilities, Weirdness & Mutations

You have very sharp teeth.
Your uncanny sense of smell can sniff out nearby items.
Your experience applies equally to all skills.


Message History

The skeletal warrior is heavily damaged.
You hit the skeletal warrior but do no damage.
You bite the skeletal warrior, but do no damage.
The skeletal warrior is heavily damaged.
The skeletal warrior resists.
The wall freezes the skeletal warrior.
The skeletal warrior hits you with a +0 battleaxe.
You barely miss the skeletal warrior. Your bite misses the skeletal warrior.
The skeletal warrior is severely damaged.
You hit the skeletal warrior. Your bite misses the skeletal warrior.
The skeletal warrior is severely damaged.
The skeletal warrior resists.
The wall freezes the skeletal warrior.
The skeletal warrior completely misses you.
You hit the skeletal warrior.
The skeletal warrior is severely damaged.
The skeletal warrior completely resists.
The wall freezes the skeletal warrior but does no damage.
The skeletal warrior closely misses you.
You hit the skeletal warrior but do no damage.
The skeletal warrior is severely damaged.
You hit the skeletal warrior but do no damage.
The skeletal warrior is severely damaged.
The skeletal warrior resists.
The wall freezes the skeletal warrior.
The skeletal warrior barely misses you.
You hit the skeletal warrior but do no damage.
Your bite misses the skeletal warrior.
The skeletal warrior is almost destroyed.
You hit the skeletal warrior but do no damage.
You punch the skeletal warrior, but do no damage.
The skeletal warrior is almost destroyed.
The skeletal warrior resists.
The wall freezes the skeletal warrior.
The skeletal warrior hits you with a +0 battleaxe!!
* * * LOW HITPOINT WARNING * * *
You hit the skeletal warrior but do no damage.
You bite the skeletal warrior, but do no damage.
The skeletal warrior is almost destroyed.
You hit the skeletal warrior.
The skeletal warrior is almost destroyed.
The skeletal warrior resists.
The wall freezes the skeletal warrior.
The skeletal warrior hits you with a +0 battleaxe!
You die...

.########.##.##..#.##.######.....
..# #.##....#......##........ #.#
#.####.###.#####.#.....). #.#
#.#..<## ##.# ##..###... #.#
#.#.##.###.## #)## ##.# #.#
#.#.###.#.## #.#####.# #.#
#....###.## ##)..).... #.#
#.#.#.##.# #..))))..# #.#
#....###@# #.########
#.#########..# #z# #.# #......#
#..# #.#######.# ######.# #..#
#.........# #.# #..# ###########
#.# #..# ###.####..#####
#.............# #.#.####..###.#
########


You could see a skeletal warrior.

Vanquished Creatures
  2 fire dragons (Lair:6)
  An ice dragon (Lair:6)
  4 hydras
  A catoblepas (Lair:6)
  3 boulder beetles
  8 death yaks
  2 two-headed ogres
  Nergalle (Lair:2)
  A skeletal warrior (D:12)
  A swamp dragon (Lair:6)
  A lindwurm (Lair:6)
  Pikel (D:6)
  3 cyclopes
  2 black mambas (Lair:5)
  Maurice (D:8)
  11 cane toads
  5 torpor snails (Lair:6)
  A gargoyle (D:11)
  6 komodo dragons
  9 rime drakes
  2 kobold demonologists (D:9)
  5 trolls
  4 tyrant leeches (Lair:6)
  3 polar bears
  Grinder (D:4)
  23 blink frogs
  7 hornets (Lair:6)
  A snapping turtle (Lair:4)
  2 shadows
  A wraith (D:10)
  2 spriggans (Lair:2)
  A water elemental (D:11)
  3 wyverns
  40 yaks
  5 basilisks
  17 steam dragons
  7 vampire mosquitoes
  4 nagas (Lair:4)
  Edmund (D:6)
  2 acid dragons (Lair:6)
  11 water moccasins
  6 orc warriors
  A sky beast (D:7)
  3 ice beasts
  A swamp drake (Lair:6)
  4 black bears
  A necrophage (D:4)
  2 ogres
  14 wolves
  4 centaurs
  A phantom (D:6)
  2 lemures (D:6)
  5 kobold brigands
  Blork the orc (D:6)
  14 bullfrogs
  A gnoll sergeant (D:11)
  2 wyvern zombies (D:8)
  3 scorpions
  2 killer bees (D:8)
  2 wights (D:8)
  4 howler monkeys
  A jelly (D:8)
  8 centaur zombies
  Crazy Yiuf (D:6)
  3 hounds
  4 gnoll shamans
  7 orc priests
  10 iguanas
  11 orc wizards
  8 hell rats
  2 killer bee zombies
  A howler monkey zombie (D:8)
  6 mummies (Ossuary)
  Robin (D:2)
  20 gnolls
  6 adders
  7 river rats (Lair:5)
  4 worms
  2 dart slugs
  42 orcs
  7 endoplasms
  3 giant cockroaches
  17 goblins
  8 hobgoblins
  3 quokkas (D:3)
  7 ball pythons
  9 bats
  5 frilled lizards
  4 hobgoblin zombies (Ossuary)
  19 kobolds
  8 rats
  A spectral kobold (D:1)
  A spectral orc (D:4)
515 creatures vanquished.

Vanquished Creatures (others)
  A komodo dragon (Lair:6)
  37 fungi
  68 plants
106 creatures vanquished.

Grand Total: 621 creatures vanquished

Notes
Turn   | Place    | Note
-------+----------+-------------------------------------------
     0 | D:1      | Crownlay the Gnoll Ice Elementalist began the quest for the
                  | Orb.
     0 | D:1      | Reached XP level 1. HP: 13/13 MP: 6/6
   209 | D:1      | Reached XP level 2. HP: 16/19 MP: 3/7
   726 | D:1      | Found a faded altar of an unknown god.
   862 | D:1      | Reached XP level 3. HP: 25/25 MP: 7/9
   866 | D:1      | Learned a level 3 spell: Frozen Ramparts
   870 | D:1      | Learned a level 3 spell: Ozocubu's Armour
  1018 | D:2      | Noticed Robin
  1020 | D:2      | Reached skill level 5 in Spellcasting
  1026 | D:2      | Killed Robin
  1027 | D:2      | Reached skill level 1 in Invocations
  1109 | D:2      | Reached skill level 1 in Fighting
  1109 | D:2      | Reached skill level 1 in Short Blades
  1109 | D:2      | Reached skill level 1 in Long Blades
  1109 | D:2      | Reached skill level 1 in Axes
  1109 | D:2      | Reached skill level 1 in Maces & Flails
  1109 | D:2      | Reached skill level 1 in Polearms
  1109 | D:2      | Reached skill level 1 in Staves
  1109 | D:2      | Reached skill level 1 in Slings
  1109 | D:2      | Reached skill level 1 in Bows
  1109 | D:2      | Reached skill level 1 in Crossbows
  1109 | D:2      | Reached skill level 1 in Throwing
  1109 | D:2      | Reached skill level 1 in Armour
  1109 | D:2      | Reached skill level 1 in Shields
  1109 | D:2      | Reached skill level 1 in Unarmed Combat
  1109 | D:2      | Reached skill level 1 in Evocations
  1165 | D:2      | Reached XP level 4. HP: 32/32 MP: 8/11
  1674 | D:2      | Reached skill level 1 in Conjurations
  1674 | D:2      | Reached skill level 1 in Hexes
  1674 | D:2      | Reached skill level 1 in Summonings
  1674 | D:2      | Reached skill level 1 in Necromancy
  1674 | D:2      | Reached skill level 1 in Translocations
  1674 | D:2      | Reached skill level 1 in Transmutations
  1674 | D:2      | Reached skill level 1 in Fire Magic
  1674 | D:2      | Reached skill level 1 in Air Magic
  1674 | D:2      | Reached skill level 1 in Earth Magic
  1674 | D:2      | Reached skill level 1 in Poison Magic
  2565 | D:3      | Found a blossoming altar of Fedhas.
  2611 | D:3      | Found a snail-covered altar of Cheibriados.
  2692 | D:3      | Reached XP level 5. HP: 37/37 MP: 12/12
  2696 | D:3      | Found a shimmering blue altar of Sif Muna.
  3205 | D:4      | Noticed a necrophage
  3217 | D:4      | Killed a necrophage
  3218 | D:4      | Reached XP level 6. HP: 41/44 MP: 2/13
  3386 | D:4      | Reached skill level 5 in Dodging
  3559 | D:4      | Found a staircase to the Ecumenical Temple.
  3583 | Temple   | Entered the Ecumenical Temple
  4090 | D:4      | Reached XP level 7. HP: 50/50 MP: 8/15
  4222 | D:4      | Noticed Grinder
  4240 | D:4      | Killed Grinder
  4284 | D:4      | Reached skill level 5 in Stealth
  4317 | D:4      | Found a basalt altar of Yredelemnul.
  4415 | D:5      | Entered Level 5 of the Dungeon
  4714 | D:5      | Reached XP level 8. HP: 39/57 MP: 9/16
  5098 | D:5      | Found a stormy altar of Qazlal.
  5109 | D:5      | Found an opulent altar of Gozag.
  5243 | D:5      | Got the Almanac of the Six Friends
  5249 | D:5      | Learned a level 4 spell: Hailstorm
  5559 | D:6      | Noticed Blork the orc
  5565 | D:6      | Killed Blork the orc
  5680 | D:6      | Found a hide-covered altar of Uskayaw.
  5691 | D:6      | Became a worshipper of Uskayaw the Reveller
  5713 | D:6      | Reached * piety under Uskayaw
  5748 | D:6      | Reached ** piety under Uskayaw
  5958 | D:6      | Noticed Pikel
  5968 | D:6      | Reached *** piety under Uskayaw
  5969 | D:6      | Killed Pikel
  5970 | D:6      | Reached XP level 9. HP: 65/65 MP: 12/18
  6219 | D:6      | Found a runed translucent door.
  6220 | D:6      | Noticed Crazy Yiuf
  6228 | D:6      | Killed Crazy Yiuf
  6398 | D:6      | Noticed Edmund
  6421 | D:6      | Killed Edmund
  6773 | D:6      | Found a glowing silver altar of Zin.
  6773 | D:6      | Found a radiant altar of Vehumet.
  7589 | D:7      | Reached skill level 5 in Invocations
  8271 | D:8      | Found a sand-covered staircase.
  8277 | Ossuary  | Entered an ossuary
  8415 | Ossuary  | Reached XP level 10. HP: 70/73 MP: 14/20
  8500 | Ossuary  | Reached **** piety under Uskayaw
  8512 | Ossuary  | Reached ***** piety under Uskayaw
  8736 | D:8      | Reached skill level 5 in Fighting
  8736 | D:8      | Reached skill level 5 in Short Blades
  8736 | D:8      | Reached skill level 5 in Long Blades
  8736 | D:8      | Reached skill level 5 in Axes
  8736 | D:8      | Reached skill level 5 in Maces & Flails
  8736 | D:8      | Reached skill level 5 in Polearms
  8736 | D:8      | Reached skill level 5 in Staves
  8736 | D:8      | Reached skill level 5 in Slings
  8736 | D:8      | Reached skill level 5 in Bows
  8736 | D:8      | Reached skill level 5 in Crossbows
  8736 | D:8      | Reached skill level 5 in Throwing
  8736 | D:8      | Reached skill level 5 in Armour
  8736 | D:8      | Reached skill level 5 in Shields
  8736 | D:8      | Reached skill level 5 in Unarmed Combat
  8736 | D:8      | Reached skill level 5 in Evocations
  8747 | D:8      | Reached ****** piety under Uskayaw
  8950 | D:8      | Noticed Maurice
  8968 | D:8      | Killed Maurice
  9178 | D:8      | Found a runed translucent door.
  9215 | D:8      | Found a staircase to the Lair.
  9557 | D:8      | Found an iron altar of Okawaru.
 10137 | D:8      | Noticed a two-headed ogre
 10152 | D:8      | Killed a two-headed ogre
 10241 | D:8      | Noticed a cyclops
 10255 | D:8      | Killed a cyclops
 10392 | D:8      | Noticed a boulder beetle
 10399 | D:8      | Killed a boulder beetle
 10400 | D:8      | Reached XP level 11. HP: 81/81 MP: 16/22
 10544 | D:8      | Reached skill level 5 in Conjurations
 10544 | D:8      | Reached skill level 5 in Hexes
 10544 | D:8      | Reached skill level 5 in Summonings
 10544 | D:8      | Reached skill level 5 in Necromancy
 10544 | D:8      | Reached skill level 5 in Translocations
 10544 | D:8      | Reached skill level 5 in Transmutations
 10544 | D:8      | Reached skill level 5 in Fire Magic
 10544 | D:8      | Reached skill level 5 in Air Magic
 10544 | D:8      | Reached skill level 5 in Earth Magic
 10544 | D:8      | Reached skill level 5 in Poison Magic
 10860 | D:8      | Found a runed translucent door.
 11190 | D:9      | Noticed a boulder beetle
 11216 | D:9      | Killed a boulder beetle
 11633 | D:9      | Found a transporter.
 11634 | D:9      | Found a bloodstained altar of Trog.
 11636 | D:9      | Noticed Anon1729's ghost (novice MiMo)
 11642 | D:9      | Found a transporter.
 11646 | D:9      | Noticed a deep troll
 11646 | D:9      | Noticed a moth of wrath
 11884 | D:10     | Entered Level 10 of the Dungeon
 11904 | D:9      | Noticed a two-headed ogre
 13310 | D:10     | Identified 2 scrolls of acquirement
 13311 | D:10     | Acquired the ring "Lelyupsy" {+Blink Will+ SInv}
 13900 | D:11     | Noticed a cyclops
 13908 | D:11     | Killed a cyclops
 13909 | D:11     | Reached XP level 12. HP: 57/89 MP: 17/24
 13942 | D:11     | Noticed a two-headed ogre
 13960 | D:11     | Killed a two-headed ogre
 14677 | D:11     | Found a staircase to the Orcish Mines.
 14901 | D:11     | Noticed a boulder beetle
 14914 | D:11     | Killed a boulder beetle
 15310 | Lair:1   | Entered Level 1 of the Lair of Beasts
 15363 | Lair:1   | Acquired a book of Armaments
 16712 | Lair:2   | Noticed a seven-headed hydra
 16725 | Lair:2   | Killed a seven-headed hydra
 16853 | Lair:2   | Noticed Nergalle
 16867 | Lair:2   | Killed Nergalle
 17211 | Lair:2   | Reached XP level 13. HP: 92/98 MP: 20/26
 18589 | Lair:3   | Reached skill level 10 in Ice Magic
 19455 | Lair:4   | Found a staircase to the Snake Pit.
 20115 | Lair:4   | Found a staircase to the Shoals.
 20354 | Lair:4   | Reached skill level 10 in Spellcasting
 20657 | Lair:4   | Learned a level 4 spell: Flame Wave
 20696 | Lair:4   | Found a blossoming altar of Fedhas.
 22247 | Lair:5   | Reached skill level 10 in Dodging
 22248 | Lair:5   | Reached XP level 14. HP: 98/106 MP: 28/28
 23154 | Lair:6   | Entered Level 6 of the Lair of Beasts
 23527 | Lair:6   | Reached skill level 10 in Stealth
 24000 | Lair:6   | Reached skill level 10 in Invocations
 24293 | Lair:6   | Found a staircase to the Slime Pits.
 24293 | Lair:6   | Found a viscous altar of Jiyva.
 25438 | Lair:6   | Found a basalt altar of Yredelemnul.
 25863 | Lair:6   | Found a runed translucent door.
 27935 | D:12     | Found Seemeoru's Weapon Boutique.
 27965 | D:11     | Slain by a skeletal warrior

Illustrated notes

Levels and vault maps discovered:
D:1:      psy_arrival_radial01, layout_rooms,
          dreamdust_ecumenical_altar_drowned_temple, serial_bayou_pond_a,
          minivault_14
D:2:      minmay_general_purpose_star, layout_basic, minmay_pentomino_z2,
          uniq_robin
D:3:      layout_loops_cross, mainiacjoe_overflow_24_doors,
          mainiacjoe_overflow_large_starburst, hangedman_decor_growths,
          minivault_24
D:4:      layout_rooms, yredelemnul_forgotten_temple_becter, temple_doors_e,
          kennysheep_diamond, uniq_grinder
D:5:      layout_rooms, nicolae_overflow_hidden_temple, grunt_qazlal_clouds,
          nicolae_gozag_seed_capital, chequers_serial_rivers_small_b
D:6:      layout_rooms, mainiacjoe_overflow_boulevard,
          chequers_temple_overflow_statue_of_worship, serial_co_window_serial,
          co_window_paths_a, co_window_paths_b, co_window_paths_b,
          co_window_paths_a, co_window_corner_a, co_window_paths_a,
          co_window_corner_a, co_window_paths_b, co_window_cross_1,
          co_window_2corner, co_window_2corner, co_window_corner_b,
          co_window_broadway_a, co_window_paths_c, co_window_unsneaky_path_a,
          glass_columns_a, glass_columns_a, glass_columns_b, glass_columns_b,
          glass_columns_c, uniq_crazy_yiuf_cottage, uniq_pikel,
          uniq_blork_the_orc, uniq_edmund
D:7:      layout_loops_cross, hangedman_abyss_or_decor_stabs
D:8:      cheibrodos_histonic, layout_gridville, kennysheep_mini_moat,
          dpeg_oklobed_lair, nicolae_ossuary_entry_plus, grunt_ministairs_3,
          uniq_maurice
D:9:      layout_cave_pools, gammafunk_ghost_wrathful_warriors,
          serial_park_tiny_2, roderic_malta_cross,
          chequers_serial_rivers_large_b
D:10:     layout_long_grid
D:11:     layout_loops_ring, hiddenorc1_lemuel, serial_bayou,
          serial_bayou_shore_b, serial_bayou_pond_a, serial_bayou_pond_d,
          serial_bayou_pond_e
D:12:     layout_loops_ring, serial_shops, nicolae_shop_waterfront,
          grunt_ministairs_9, st_stairs_4, uniq_fannar, uniq_josephine
Temple:   chequers_temple_sunken
Lair:1:   layout_loops_ring
Lair:2:   layout_big_grid, forest_entry_grove, uniq_nergalle
Lair:3:   layout_hall_layers
Lair:4:   layout_roguey, minmay_shoals_entry_hut,
          minmay_snake_entry_guardpost_small, hangedman_tree_tricks
Lair:5:   layout_gridlike, kennysheep_rathole, infiniplex_staircase_pool_2
Lair:6:   wormcave, layout_small_grid, guppyfry_lair_end_dragon, slime_altar_1,
          basic_altar, bobbens_dragon_lair_wall

Skill      XL: |  1  2  3  4  5  6  7  8  9 10 11 12 13 14 |
---------------+-------------------------------------------+-----
Spellcasting   | 5 6 7 8 9 10 | 10.7
Invocations    | 1 2 3 4 5 6 7 8 9 10 | 10.3
Fighting       | 1 2 4 5 6 7 8 9 |  9.5
Short Blades   | 1 2 4 5 6 7 8 9 |  9.5
Long Blades    | 1 2 4 5 6 7 8 9 |  9.5
Axes           | 1 2 4 5 6 7 8 9 |  9.5
Maces & Flails | 1 2 4 5 6 7 8 9 |  9.5
Polearms       | 1 2 4 5 6 7 8 9 |  9.5
Staves         | 1 2 4 5 6 7 8 9 |  9.5
Slings         | 1 2 4 5 6 7 8 9 |  9.5
Bows           | 1 2 4 5 6 7 8 9 |  9.5
Crossbows      | 1 2 4 5 6 7 8 9 |  9.5
Throwing       | 1 2 4 5 6 7 8 9 |  9.5
Armour         | 1 2 4 5 6 7 8 9 |  9.5
Shields        | 1 2 4 5 6 7 8 9 |  9.5
Unarmed Combat | 1 2 4 5 6 7 8 9 |  9.5
Evocations     | 1 2 4 5 6 7 8 9 |  9.5
Conjurations   | 1 2 3 4 5 6 7 |  7.9
Hexes          | 1 2 3 4 5 6 7 |  7.9
Summonings     | 1 2 3 4 5 6 7 |  7.9
Necromancy     | 1 2 3 4 5 6 7 |  7.9
Translocations | 1 2 3 4 5 6 7 |  7.9
Transmutations | 1 2 3 4 5 6 7 |  7.9
Fire Magic     | 1 2 3 4 5 6 7 |  7.9
Air Magic      | 1 2 3 4 5 6 7 |  7.9
Earth Magic    | 1 2 3 4 5 6 7 |  7.9
Poison Magic   | 1 2 3 4 5 6 7 |  7.9
Dodging        | 5 6 7 8 9 10 | 10.6
Stealth        | 5 6 7 8 9 10 | 10.4
Ice Magic      | 8 9 10 | 10.7

Action                   |  1- 3 |  4- 6 |  7- 9 | 10-12 | 13-15 || total
-------------------------+-------+-------+-------+-------+-------++-------
Melee: Unarmed           |     3 |       |       |       |       ||     3
       Dagger            |    11 |    59 |   253 |   471 |   505 ||  1299
       Bite              |       |     5 |    23 |    51 |    46 ||   125
       Punch             |       |     1 |     1 |    11 |    21 ||    34
Throw: Boomerang         |       |    81 |   100 |   100 |       ||   281
       Dart              |       |       |       |   151 |   161 ||   312
       Throwing net      |       |       |       |       |     5 ||     5
       Javelin           |       |       |       |       |     4 ||     4
 Cast: Freeze            |    37 |    33 |     1 |     1 |    29 ||   101
       Frozen Ramparts   |     1 |    11 |    31 |    76 |    77 ||   196
       Ozocubu's Armour  |     1 |     6 |    28 |    60 |    51 ||   146
       Hailstorm         |       |       |     4 |     8 |    47 ||    59
       Flame Wave        |       |       |       |       |    14 ||    14
Evoke: Wand              |       |       |       |       |     5 ||     5
  Use: Scroll            |       |     2 |     4 |     6 |     4 ||    16
       Potion            |       |       |       |       |     2 ||     2
 Stab: Sleeping          |     2 |       |     1 |     1 |     2 ||     6
       Paralysed         |       |       |     3 |    33 |    19 ||    55
Armor: Robe              |    16 |    31 |    98 |   193 |   139 ||   477
Dodge: Dodged            |    25 |    66 |   135 |   322 |   282 ||   830
Block: Other             |       |       |    37 |    97 |    77 ||   211
       Reflection        |       |       |       |     3 |     2 ||     5

Table legend: (Time is in decaauts)
 A = Elapsed time spent in this place.
 B = Non-inter-level travel time spent in this place.
 C = Inter-level travel time spent in this place.
 D = Time resting spent in this place.
 E = Time spent auto-exploring this place.
 F = Levels seen in this place.
 G = Mean time per level.
                   A        B        C        D        E       F      G
               +--------+--------+--------+--------+--------+-----+--------+
         Total |  27635 |  26631 |   1004 |    643 |  22110 |  20 | 1381.8 |
       Dungeon |  14728 |  14182 |    546 |      0 |  12000 |  12 | 1227.3 |
        Temple |    225 |    196 |     29 |      0 |    189 |   1 |  225.0 |
          Lair |  12275 |  11846 |    429 |    643 |   9619 |   6 | 2045.8 |
       Ossuary |    404 |    404 |      0 |      0 |    301 |   1 |  404.0 |
               +--------+--------+--------+--------+--------+-----+--------+

Top non-repeatable levels by time:
  Lair:6: 4466 daAuts
     D:8: 2335 daAuts
    D:11: 1920 daAuts
  Lair:5: 1915 daAuts
     D:6: 1803 daAuts
  Lair:4: 1773 daAuts
  Lair:2: 1630 daAuts
     D:2: 1529 daAuts
    D:10: 1360 daAuts
  Lair:3: 1353 daAuts
  Lair:1: 1136 daAuts
     D:5: 1113 daAuts
     D:9: 1086 daAuts
     D:4: 1047 daAuts
     D:1: 1007 daAuts
